 Dungeon Crawl Stone Soup version 0.30-a0-728-gc68057be0a (webtiles) character file.

Game seed: 4526243651961685105

611 zinnoa the Magician (level 7, -3/45 HPs)
             Began as a Djinni Fire Elementalist on Jan 31, 2023.
             Killed by an exploding jackal (15 damage)
             ... ignited by their inner flame
             ... on level 5 of the Dungeon.
             The game lasted 00:16:56 (4223 turns).

zinnoa the Magician (Djinni Fire Elementalist)      Turns: 4223, Time: 00:16:57

Health: -3/45      AC:  4    Str:  7    XL:     7   Next: 72%
Gold:   183        EV: 12    Int: 18    God:
                   SH:  0    Dex: 14

rFire   + + .      SeeInvis .    f - +2 short sword (freeze)
rCold   x . .      Faith    .    (no shield)
rNeg    . . .      Spirit   .    i - +0 robe {Will+}
rPois   ∞          Reflect  .    (no helmet)
rElec   .          Harm     .    (no cloak)
rCorr   .          Rampage  .    d - +1 pair of gloves
Will    +....                    (boots unavailable)
Stlth   ++                       (no amulet)
HPRegen 0.27/turn                (no ring)
MPRegen 0.00/turn                (no ring)

@: flying
A: sickness immunity, fire resistance 2, cold vulnerability 1, float, innate
caster, HP casting, extra vitality 1
a: no special abilities


You were on level 5 of the Dungeon.
You visited 1 branch of the dungeon, and saw 5 of its levels.

You collected 183 gold pieces.

Inventory:

Hand Weapons
 f - a +2 short sword of freezing (weapon)
 l - a +2 sling of freezing
Missiles
 o - 2 throwing nets
Armour
 a - a +0 robe
 d - a +1 pair of gloves (worn)
 i - a +0 robe of willpower (worn)
Wands
 v - a wand of mindburst (11)
Scrolls
 e - 2 scrolls of silence {unknown}
 h - 2 scrolls of amnesia {unknown}
 j - a scroll of immolation {unknown}
 k - a scroll of enchant weapon {unknown}
 m - 2 scrolls of identify {unknown}
 p - 2 scrolls of magic mapping {unknown}
 u - 2 scrolls of fog {unknown}
Potions
 b - a potion of magic
 c - 3 potions of flight {unknown}
 g - 2 potions of attraction {unknown}
 n - a potion of heal wounds {unknown}
 q - 2 potions of might {unknown}
 r - 2 potions of cancellation {unknown}
 s - a potion of lignification {unknown}
 t - a potion of brilliance {unknown}
 w - a potion of curing {unknown}


   Skills:
 + Level 2.6 Dodging
 + Level 2.6 Stealth
 + Level 6.1 Spellcasting


You couldn't memorise any spells.
You knew the following spells:

 Your Spells              Type           Power      Damage    Failure   Level
a - Foxfire               Conj/Fire      100%       2x1d9     1%          1
b - Scorch                Fire           54%        2d8       1%          2
c - Kindle Blastsparks    Fire/Tloc/Air  54%        2d14      3%          3
d - Inner Flame           Hex/Fire       27%        N/A       3%          3
e - Flame Wave            Conj/Fire      27%        2d9       10%         4
f - Sandblast             Erth           54%        2d13      1%          1
g - Poisonous Vapours     Pois/Air       54%        N/A       1%          2
h - Gell's Gravitas       Tloc           27%        N/A       3%          3
Your spell library was empty.

Dungeon Overview and Level Annotations

Branches:
Dungeon (5/15)
 Temple: D:4-7

Altars:


Innate Abilities, Weirdness & Mutations

You are immune to sickness and miasma.
You are immune to poison.
Your flesh is very heat resistant. (rF++)
You are vulnerable to cold. (rC-)
You float through the air rather than walking.
You learn spells naturally, not from books.
Your magical power is your life essence.
You have superior vitality. (+4 MHP)


Message History

The gnoll is engulfed in blazing flames.
The gnoll explodes!
The fiery explosion engulfs the gnoll!!!
The gnoll is burned terribly!
The gnoll explodes!
Casting: Scorch (safe; 1% risk of failure)
Confirm with . or Enter, or press ? or * to list all spells.
You can't see any susceptible monsters within range! (Use Z to cast anyway.) Unknown command.
Casting: Scorch (safe; 1% risk of failure)
Confirm with . or Enter, or press ? or * to list all spells.
Flames lash the gnoll.
* * * LOW HITPOINT WARNING * * *
The gnoll explodes!
You start resting.
A jackal comes into view.
Casting: Scorch (safe; 1% risk of failure)
Confirm with . or Enter, or press ? or * to list all spells.
Aiming: Inner Flame (dangerous; 3% risk of failure)
Press: ? - help, Dir - move target, f - jackal
Aim: a jackal (wandering, hasn't noticed you, chance to affect: 92%)
The jackal barks!
The jackal barely resists.
Casting: Inner Flame (dangerous; 3% risk of failure)
Confirm with . or Enter, or press ? or * to list all spells.
Aiming: Inner Flame (dangerous; 3% risk of failure)
Press: ? - help, Dir - move target, f/p - jackal
Aim: a jackal (chance to affect: 92%)
The jackal is filled with an inner flame.
* * * LOW HITPOINT WARNING * * *
Casting: Inner Flame (dangerous; 3% risk of failure)
Confirm with . or Enter, or press ? or * to list all spells.
Flames lash the jackal.
Flame seeps out of the jackal.
The jackal is severely wounded.
The jackal's fire resistance burns away.
* * * LOW HITPOINT WARNING * * *
The jackal is engulfed in blazing flames.
The jackal explodes!
The fiery explosion engulfs you! You resist.
You die...

...........# .##....
........... # ..#...
.......... ###....#..
......... .##...##...
........###.......#..
..........##....#...#
.#....§..§###..K...<##
#.....##§○###)).....# ...
#....##.§@§))..[....##....
#..........).).........)..
#.........##...............
.......##..#...............
...##.. #.##...............
#. ..#..............#.
#..#..#.....#.#.....##
..........####.....#
...#......# ##....#


There were no monsters in sight!

Vanquished Creatures
  Edmund (D:4)
  A kobold brigand (D:5)
  A necrophage (D:5)
  A howler monkey (D:4)
  2 iguanas
  Jessica (D:2)
  Terence (D:2)
  8 gnolls
  6 adders
  A white imp (D:5)
  A worm (D:3)
  A dart slug (D:3)
  An orc (D:3)
  9 ball pythons
  9 endoplasms
  2 giant cockroaches
  7 goblins
  3 hobgoblins (D:1)
  4 jackals
  3 quokkas
  4 bats
  6 frilled lizards
  15 kobolds
  2 rats
90 creatures vanquished.

Vanquished Creatures (others)
  193 foxfires
  A plant (D:4)
194 creatures vanquished.

Grand Total: 284 creatures vanquished

Notes
Turn   | Place    | Note
-------+----------+-------------------------------------------
     0 | D:1      | zinnoa the Djinni Fire Elementalist began the quest for the
                  | Orb.
     0 | D:1      | zinnoa set off with the following spells memorised:
                  | Foxfire, Scorch, Kindle Blastsparks, Inner Flame, Flame
                  | Wave.
     0 | D:1      | Reached XP level 1. HP: 15/15 MP: 0/0
    99 | D:1      | Reached XP level 2. HP: 17/21 MP: 0/0
   293 | D:1      | Reached skill level 3 in Spellcasting
   367 | D:1      | Reached XP level 3. HP: 23/25 MP: 0/0
   367 | D:1      | Learned a level 1 spell: Sandblast
  1418 | D:2      | Reached XP level 4. HP: 27/31 MP: 0/0
  1639 | D:2      | Noticed Jessica
  1646 | D:2      | Killed Jessica
  1724 | D:2      | Reached XP level 5. HP: 31/35 MP: 0/0
  1724 | D:2      | Learned a level 2 spell: Poisonous Vapours
  1830 | D:2      | Reached skill level 4 in Spellcasting
  1900 | D:2      | Noticed Terence
  1902 | D:2      | Killed Terence
  2860 | D:3      | Reached XP level 6. HP: 13/40 MP: 0/0
  3411 | D:4      | Noticed Edmund
  3422 | D:4      | HP: 1/40 [Edmund/+2 flail of protection (3)]
  3424 | D:4      | Killed Edmund
  3425 | D:4      | Reached skill level 5 in Spellcasting
  3783 | D:4      | Reached XP level 7. HP: 38/45 MP: 0/0
  3783 | D:4      | Learned a level 3 spell: Gell's Gravitas
  4033 | D:5      | Entered Level 5 of the Dungeon
  4156 | D:5      | Reached skill level 6 in Spellcasting
  4223 | D:5      | Killed by an exploding jackal... ignited by their inner
                  | flame

Illustrated notes

Levels and vault maps discovered:
D:1:      wander_arrival_abandoned_jail, layout_basic
D:2:      layout_loops_cross, minmay_misc_feat_nine_boxes, uniq_jessica,
          uniq_terence
D:3:      layout_basic, nicolae_eternal_life, minmay_misc_feat_iff,
          minmay_quadrilaterals
D:4:      layout_rooms, corexii_shack, uniq_edmund
D:5:      layout_cave_pools

Skill      XL: |  1  2  3  4  5  6  7 |
---------------+----------------------+-----
Spellcasting   | 3 4 5 6 |  6.1
Stealth        | 2 |  2.6
Dodging        | |  2.6

Action                     |  1- 3 |  4- 6 |  7- 9 || total
---------------------------+-------+-------+-------++-------
   Cast: Foxfire           |    58 |    39 |    18 ||   115
         Scorch            |    12 |    13 |     5 ||    30
         Inner Flame       |     7 |    34 |    15 ||    56
         Sandblast         |     1 |       |     2 ||     3
         Poisonous Vapours |       |    11 |     2 ||    13
         Gell's Gravitas   |       |       |     2 ||     2
 Armour: Robe              |     2 |       |     1 ||     3
  Dodge: Dodged            |     1 |     4 |     2 ||     7

Table legend: (Time is in decaauts)
 A = Elapsed time spent in this place.
 B = Non-inter-level travel time spent in this place.
 C = Inter-level travel time spent in this place.
 D = Time resting spent in this place.
 E = Time spent auto-exploring this place.
 F = Levels seen in this place.
 G = Mean time per level.
                   A        B        C        D        E       F      G
               +--------+--------+--------+--------+--------+-----+--------+
         Total |   4223 |   4026 |    197 |   1303 |   2166 |   5 |  844.6 |
       Dungeon |   4223 |   4026 |    197 |   1303 |   2166 |   5 |  844.6 |
               +--------+--------+--------+--------+--------+-----+--------+

Top non-repeatable levels by time:
     D:1: 1359 daAuts
     D:3: 1168 daAuts
     D:2: 826 daAuts
     D:4: 677 daAuts
     D:5: 190 daAuts
